Map: Traitor's Exile

Players

Intellious

  • Race: Terran Terran
  • Spawn Location: 9:00

Brunitix

  • Race: Terran Terran
  • League: Platinum
  • Spawn Location: 12:00

ILIEKEGGPIE - Winner!

  • Race: Protoss Protoss
  • Spawn Location: 5:00

BizMac - Winner!

  • Race: Zerg Zerg
  • Spawn Location: 6:00

VOD

Have the link to the VOD?

Description

Time

  • Played on: March 16, 2018, 3:35 p.m.
  • Length: 6:25
Show
View Real Time Build Order
Export as new Build Order

Intellious Terran 

Build Orders:  

Get SALT Encoding   

  12  0:01  SCV  
  13  0:13  SCV  
  14  0:18  Supply Depot  
  14  0:25  SCV  
  15  0:33  Refinery  
  15  0:39  SCV  
  16  0:47  Barracks  
  16  0:52  SCV  
  17  1:04  SCV  
  18  1:15  Barracks  
  18  1:16  SCV  
  19  1:28  SCV  
  20  1:36  Supply Depot  
  20  1:40  Orbital Command  
  20  1:42  Marine  
  21  1:52  Barracks  
  21  2:03  Barracks Tech Lab  
  21  2:06  SCV  
  21  2:07  Barracks Reactor  
  22  2:19  SCV  
  23  2:24  Marauder, Combat Shields  
  25  2:30  Refinery  
  25  2:31  SCV  
  26  2:41  Supply Depot  
  26  2:42  Barracks Tech Lab  
  26  2:44  Marine x2  
  28  3:02  Marine x2  
  28  3:04  Supply Depot  
  30  3:07  Marauder  
  30  3:08  Marauder  
  34  3:19  Marine  
  34  3:20  Marine  
  36  3:29  Marauder  
  36  3:30  Marauder  
  40  3:37  Marine x2  
  40  3:39  SCV  
  43  3:43  Concussive Shells  
  43  3:56  Marine x2  
  43  3:57  Marauder  
  47  4:04  Supply Depot  
  47  4:25  Marine x2  
  47  4:26  Marauder x2  
  47  4:27  Supply Depot  
  47  4:28  SCV  
  54  4:39  Supply Depot  
  54  4:40  SCV  
  55  4:49  Marauder, Marine x2  
  59  5:06  Command Center  
  38  5:07  SCV  
  38  5:09  Marauder  
  38  5:11  Marauder  
  41  5:14  Marine x2  
  43  5:21  Factory  
  41  5:30  SCV  
  41  5:35  Refinery, Marine  
  42  5:36  Marine  
  42  5:38  Refinery  
  34  6:07  Factory Tech Lab  
Show
View Real Time Build Order
Export as new Build Order

Brunitix Terran 

Build Orders:  

Get SALT Encoding   

  12  0:01  SCV  
  13  0:13  SCV  
  14  0:20  Supply Depot  
  14  0:25  SCV  
  15  0:30  Refinery  
  15  0:42  SCV  
  16  0:47  Barracks  
  16  0:58  SCV  
  17  1:10  SCV  
  18  1:22  SCV  
  19  1:38  Orbital Command  
  19  1:39  Reaper  
  20  1:46  Supply Depot  
  20  1:59  Supply Depot  
  20  2:07  SCV  
  21  2:14  Barracks  
  21  2:17  Barracks  
  21  2:19  SCV  
  22  2:27  Supply Depot  
  22  2:28  Barracks  
  22  2:40  SCV  
  22  2:42  Marine  
  22  2:43  Refinery  
  24  2:52  SCV  
  24  3:00  Marine  
  24  3:04  SCV  
  26  3:16  SCV  
  26  3:18  Marine  
  27  3:20  Marine x3  
  30  3:28  SCV  
  31  3:36  Marine  
  31  3:37  Supply Depot  
  31  3:38  Marine x3  
  31  3:41  SCV  
  36  3:53  SCV  
  36  3:54  Marine  
  38  3:56  Marine  
  38  3:58  Marine x2  
  38  4:00  Command Center  
  41  4:09  Supply Depot  
  41  4:11  Marine  
  41  4:13  Marine  
  41  4:14  SCV  
  41  4:16  Marine  
  45  4:23  Marine  
  46  4:29  Marine  
  47  4:31  Marine, SCV  
  47  4:34  Marine  
  50  4:41  Marine  
  50  4:44  SCV  
  52  4:47  Marine  
  52  4:49  Marine  
  52  4:51  Marine  
  46  4:56  SCV  
  46  5:09  Barracks Reactor  
  46  5:15  Barracks Tech Lab  
  46  5:21  Barracks Reactor  
  44  5:24  Barracks Reactor  
  47  5:28  Orbital Command  
  44  5:31  SCV  
  44  5:34  Marine  
  46  5:43  SCV  
  46  5:53  Marauder  
  46  5:55  SCV  
  41  6:02  Marine x3  
  41  6:03  Marine x3  
  43  6:09  SCV  
Show
View Real Time Build Order
Export as new Build Order

ILIEKEGGPIE Protoss - Winner!

Build Orders: Blink Stalkers 

Get SALT Encoding   

  12  0:01  Probe  
  13  0:13  Probe  
  14  0:20  Pylon  
  14  0:25  Probe  
  15  0:38  Probe  
  15  0:39  Gateway  
  16  0:50  Probe  
  16  0:56  Assimilator  
  17  1:02  Probe  
  18  1:14  Probe  
  19  1:18  Assimilator  
  19  1:26  Probe  
  19  1:28  Cybernetics Core  
  19  1:30  Pylon  
  20  1:38  Probe  
  21  1:50  Probe  
  22  2:00  Zealot  
  24  2:02  Probe  
  24  2:04  Warp Gate (Chrono Boost)  
  25  2:15  Probe  
  25  2:25  Stalker (Chrono Boost)  
  25  2:27  Probe  
  28  2:49  Nexus  
  28  3:01  Twilight Council  
  28  3:07  Pylon  
  27  3:22  Probe  
  27  3:24  Stalker  
  30  3:31  Robotics Facility  
  30  3:33  Blink (Chrono Boost)  
  30  3:34  Probe  
  31  3:48  Gateway  
  31  4:04  Dark Shrine  
  31  4:05  Sentry  
  33  4:18  Probe x2  
  35  4:30  Gateway, Probe x2  
  35  4:31  Gateway  
  37  4:38  Stalker  
  39  5:07  Probe x2  
  39  5:11  Assimilator  
  41  5:17  Assimilator  
  41  5:19  Probe x2  
  43  5:23  Pylon, Dark Templar x2  
  47  5:36  Immortal  
  43  6:20  Gateway  
  43  6:21  Gateway  
  43  6:23  Gateway  
Show
View Real Time Build Order
Export as new Build Order

BizMac Zerg - Winner!

Build Orders: Pool First 

Get SALT Encoding   

  12  0:02  Drone  
  13  0:09  Drone  
  14  0:23  Overlord  
  14  0:41  Drone x3  
  17  0:51  Extractor  
  17  0:53  Spawning Pool  
  17  0:54  Drone  
  16  1:05  Drone  
  17  1:25  Drone  
  18  1:28  Drone  
  18  1:31  Hatchery  
  18  1:41  Queen  
  20  1:53  Metabolic Boost  
  20  2:00  Drone  
  21  2:02  Zergling x2  
  21  2:05  Overlord  
  22  2:27  Zergling x4  
  24  2:38  Queen  
  24  2:43  Overlord  
  26  2:57  Queen  
  25  3:22  Zergling x2  
  25  3:23  Zergling x12  
  32  3:29  Lair  
  32  3:31  Drone, Extractor  
  32  3:40  Baneling Nest  
  31  3:59  Zergling x2  
  31  4:00  Zergling x12  
  39  4:17  Zergling x6  
  39  4:18  Zergling x4  
  39  4:24  Overlord  
  40  4:34  Baneling  
  40  4:35  Baneling x5  
  40  4:36  Baneling  
  35  5:05  Zergling x12  
  31  5:20  Drone x2  
  32  5:39  Hatchery  
  24  6:03  Drone x3  
  24  6:04  Drone x3  
Tags
 
Add a new tag
Caveats
  • Supply blocks, unpowered buildings, or Contaminate may cause inaccurate times.
  • Supply counts are checked every 10 seconds.